 Dungeon Crawl Stone Soup version 0.31-a0-609-g7bf6ffcfed (webtiles) character file.

Game seed: 13195599385090988587

303 Dittersdorf the Trooper (level 6, -4/39 HPs)
             Began as a Gargoyle Fighter on Aug 21, 2023.
             Was an Initiate of Okawaru.
             Slain by an iguana (7 damage)
             ... on level 4 of the Dungeon.
             The game lasted 00:04:33 (3659 turns).

Dittersdorf the Trooper (Gargoyle Fighter)          Turns: 3659, Time: 00:04:34

Health: -4/39      AC: 15    Str: 22    XL:     6   Next: 38%
Magic:  6/6        EV:  8    Int:  8    God:    Okawaru [......]
Gold:   242        SH:  4    Dex:  9    Spells: 5/5 levels left

rFire   + . .        a - +0 flail
rCold   . . .        c - +0 buckler
rNeg    + + .        t - +0 chain mail
rPois   ∞            (no helmet)
rElec   +            (no cloak)
rCorr   .            q - +0 pair of gloves
SInv    .            (no boots)
Will    .....        (no amulet) Stlth
                     w - ring of positive energy
HPRegen 0.26/turn    g - ring of protection from fire
MPRegen 0.10/turn

%: no passive effects
@: no status effects
A: sickness immunity, AC +4, negative energy resistance 1, electricity
resistance, torment resistance 1, petrification resistance
a: Renounce Religion


You were on level 4 of the Dungeon.
You worshipped Okawaru.
Okawaru was noncommittal.
You visited 1 branch of the dungeon, and saw 4 of its levels.

You collected 242 gold pieces.

Inventory:

Hand Weapons
 a - a +0 flail (weapon)
Armour
 c - a +0 buckler (worn)
 q - a +0 pair of gloves (worn)
 t - a +0 chain mail (worn)
Jewellery
 g - a ring of protection from fire (right hand)
 k - a ring of ice
 o - a ring of fire
 v - a ring of see invisible
 w - a ring of positive energy (left hand)
Scrolls
 b - 4 scrolls of identify {unknown}
 e - 2 scrolls of teleportation {unknown}
 h - a scroll of immolation {unknown}
 i - 2 scrolls of enchant armour {unknown}
 j - a scroll of brand weapon {unknown}
 r - a scroll of butterflies {unknown}
 u - a scroll of torment {unknown}
 y - a scroll of vulnerability {unknown}
Potions
 d - a potion of might
 f - 2 potions of curing {unknown}
 l - 2 potions of berserk rage {unknown}
 m - a potion of enlightenment {unknown}
 n - a potion of cancellation {unknown}
 p - 2 potions of mutation {unknown}
 s - 2 potions of lignification {unknown}
 x - a potion of ambrosia {unknown}
 z - a potion of brilliance {unknown}


   Skills:
 + Level 4.7 Fighting
 + Level 3.6 Maces & Flails
 + Level 4.6 Armour
 + Level 4.7 Shields


You had 5 spell levels left.
You didn't know any spells.
Your spell library contained the following spells:

 Spells                   Type           Power      Damage    Failure   Level
 Shock                    Conj/Air       0%         1d3       97%         1
 Portal Projectile        Hex/Tloc       0%         N/A       100%        3
 Swiftness                Air            0%         N/A       100%        3
 Airstrike                Air            0%         2d(0-16)  100%        4
 Iskenderun's Mystic Bla  Conj/Tloc      0%         2d3       100%        4
 Summon Small Mammal      Summ           Unusable   N/A       N/A         1
 Call Canine Familiar     Summ           Unusable   N/A       N/A         3
 Summon Guardian Golem    Hex/Summ       Unusable   N/A       N/A         3
 Tukima's Dance           Hex            Unusable   N/A       N/A         3

Dungeon Overview and Level Annotations

Branches:
Dungeon (4/15)
 Temple: D:4-7

Altars:
Elyvilon
Kikubaaqudgha
Okawaru
Sif Muna
Trog

Annotations:
D:1 2 transporters


Innate Abilities, Weirdness & Mutations

You are immune to sickness and miasma.
Your stone body is resilient. (AC +4)
You are immune to poison.
You resist negative energy. (rN+)
You are resistant to electric shocks. (rElec)
You are resistant to unholy torment.
You are immune to petrification.


Message History

You hit the iguana but do no damage.
The iguana is heavily wounded.
The iguana bites you.
You closely miss the iguana.
The iguana is heavily wounded.
The iguana bites you.
You are too injured to fight recklessly!
You are too injured to fight recklessly!
You are too injured to fight recklessly!
You are too injured to fight recklessly!
You are too injured to fight recklessly!
You are too injured to fight recklessly!
You are too injured to fight recklessly!
You are too injured to fight recklessly!
You are too injured to fight recklessly!
You are too injured to fight recklessly!
You are too injured to fight recklessly!
You are too injured to fight recklessly!
You are too injured to fight recklessly!
You are too injured to fight recklessly!
You are too injured to fight recklessly!
You barely miss the iguana.
The iguana is heavily wounded.
The iguana bites you!
* * * LOW HITPOINT WARNING * * *
You hit the iguana.
The iguana is severely wounded.
You block the iguana's attack.
The iguana bites you but does no damage.
You hit the iguana but do no damage.
The iguana is severely wounded.
You block the iguana's attack.
You barely miss the iguana.
The iguana is severely wounded.
The iguana bites you!
* * * LOW HITPOINT WARNING * * *
You barely miss the iguana.
The iguana is severely wounded.
The iguana bites you!
You die...

#.#
#≈.#.≈.##._#.≈.#.#
#.#
#≈.#)≈...###.≈.#.#
#.#
#≈.#.≈≈≈≈....≈.#.#
#.#
#≈.#.....≈≈≈≈≈.#.#
#.#
#≈.######......#.#
#.#
.≈.......#######.#
#.# .≈≈≈
≈≈≈≈........# ..#
####.#....##..#
.######.
......l@....†##
........
#.#..".......#
.#######
#..........#
.######.#
#....>....(#
.......#
##.....###.#
#.#####. ###....
.... #.# #..!#
##### #.# ##.##
..# #.


You could see an iguana.

Vanquished Creatures
  A hound (D:4)
  3 orc priests
  Jessica (D:3)
  2 adders (D:2)
  2 dart slugs (D:3)
  5 worms
  12 orcs
  5 bats
  10 endoplasms
  6 giant cockroaches
  10 goblins
  8 hobgoblins
  2 jackals (D:1)
  12 kobolds
  8 quokkas
  6 ball pythons
  4 frilled lizards
  8 rats
105 creatures vanquished.

Notes
Turn   | Place    | Note
-------+----------+-------------------------------------------
     0 | D:1      | Dittersdorf the Gargoyle Fighter began the quest for the
                  | Orb.
     0 | D:1      | Reached XP level 1. HP: 14/14 MP: 1/1
   104 | D:1      | Reached XP level 2. HP: 16/19 MP: 2/2
   467 | D:1      | Reached XP level 3. HP: 16/23 MP: 3/3
  1452 | D:2      | Reached XP level 4. HP: 29/29 MP: 4/4
  1473 | D:2      | Found a faded altar of an unknown god.
  2046 | D:3      | Found a white marble altar of Elyvilon.
  2222 | D:2      | Reached XP level 5. HP: 30/33 MP: 5/5
  2392 | D:3      | Noticed Jessica
  2399 | D:3      | Killed Jessica
  2624 | D:3      | Found a shimmering blue altar of Sif Muna.
  3027 | D:4      | Reached XP level 6. HP: 28/39 MP: 6/6
  3295 | D:4      | Found an ancient bone altar of Kikubaaqudgha.
  3572 | D:4      | Found an iron altar of Okawaru.
  3591 | D:4      | Found a bloodstained altar of Trog.
  3601 | D:4      | Became a worshipper of Warmaster Okawaru
  3659 | D:4      | Slain by an iguana

Illustrated notes

Levels and vault maps discovered:
D:1:      spicycebolla_arrival_transporter_tutorial, layout_basic,
          grunt_decor_one_mirror, dk_noncrumbling_4, minmay_close_crescents
D:2:      layout_rooms, dreamdust_ecumenical_altar_angels_and_demons,
          dreamdust_princess_corridor
D:3:      layout_loops_ring, marbit_many_paths, mainiacjoe_overflow_boulevard,
          uniq_jessica
D:4:      layout_loops_ring, pdpol_wu_jian_five_deadly_venoms,
          nicolae_overflow_squiral, mainiacjoe_overflow_catwalk

Skill      XL: |  1  2  3  4 |
---------------+-------------+-----
Fighting       | 4 |  4.7
Shields        | 4 |  4.7
Armour         | 4 |  4.6
Maces & Flails | 3 |  3.6

Action                     |  1- 3 |  4- 6 || total
---------------------------+-------+-------++-------
  Melee: Flail             |   131 |   222 ||   353
 Armour: Scale mail        |    73 |    36 ||   109
         Chain mail        |       |   100 ||   100
  Dodge: Dodged            |    76 |    90 ||   166
  Block: Buckler           |    44 |    57 ||   101

Table legend: (Time is in decaauts)
 A = Elapsed time spent in this place.
 B = Non-inter-level travel time spent in this place.
 C = Inter-level travel time spent in this place.
 D = Time resting spent in this place.
 E = Time spent auto-exploring this place.
 F = Levels seen in this place.
 G = Mean time per level.
                   A        B        C        D        E       F      G
               +--------+--------+--------+--------+--------+-----+--------+
         Total |   3763 |   3623 |    140 |    317 |   2468 |   4 |  940.8 |
       Dungeon |   3763 |   3623 |    140 |    317 |   2468 |   4 |  940.8 |
               +--------+--------+--------+--------+--------+-----+--------+

Top non-repeatable levels by time:
     D:1: 1458 daAuts
     D:3: 862 daAuts
     D:2: 783 daAuts
     D:4: 659 daAuts
